 Dungeon Crawl Stone Soup version 0.28-a0-1415-g7c84da036a (webtiles) character file.

Game seed: 6646259343451280913

257 voltaire321 the Covered (level 5, 0/47 HPs)
             Began as a Minotaur Fighter on Jan 8, 2022.
             Slain by a phantom (3 damage)
             ... on level 4 of the Dungeon.
             The game lasted 00:05:09 (2743 turns).

voltaire321 the Covered (Minotaur Fighter)          Turns: 2743, Time: 00:05:10

Health: 0/47       AC: 13    Str: 23    XL:     5   Next: 93%
Magic:  4/4        EV:  6    Int:  5    God:
Gold:   107        SH:  4    Dex:  9    Spells: 4/4 levels left

rFire   + . .      SeeInvis .   a - +0 war axe
rCold   . . .      Faith    .   c - +0 buckler
rNeg    . . .      Spirit   .   q - +0 plate armour
rPois   .          Reflect  .   (helmet restricted)
rElec   .          Harm     .   j - +0 cloak
rCorr   .          Rampage  .   (no gloves)
Will    .....                   (no boots)
Stlth   ..........              (no amulet)
HPRegen 0.15/turn               n - ring of protection from fire
MPRegen 0.09/turn               (no ring)

@: no status effects
A: horns 2, retaliatory headbutt
a: no special abilities


You were on level 4 of the Dungeon.
You visited 1 branch of the dungeon, and saw 4 of its levels.

You collected 107 gold pieces.

Inventory:

Hand Weapons
 a - a +0 war axe (weapon)
Missiles
 e - 23 poisoned darts (quivered)
Armour
 c - a +0 buckler (worn)
 j - a +0 cloak (worn)
 q - a +0 plate armour (worn)
 s - the +1 robe of the Arcane {SInv}
   (You found it on level 4 of the Dungeon)

   SInv:      It lets you see invisible.
Jewellery
 n - a ring of protection from fire (left hand)
Scrolls
 b - a scroll of teleportation {unknown}
 h - a scroll of identify {unknown}
 i - 4 scrolls of noise {unknown}
 m - a scroll of torment {unknown}
 o - a scroll of enchant weapon {unknown}
 p - a scroll of acquirement {unknown}
 r - a scroll of fog {unknown}
Potions
 d - a potion of might
 f - a potion of mutation {unknown}
 g - 2 potions of curing {unknown}
 k - 3 potions of flight {unknown}
 l - a potion of brilliance {unknown}


   Skills:
 + Level 4.6 Fighting
 + Level 3.7 Axes
 + Level 1.9 Throwing
 + Level 4.8 Armour
 + Level 2.3 Dodging
 + Level 4.6 Shields


You had 4 spell levels left.
You didn't know any spells.
Your spell library was empty.

Dungeon Overview and Level Annotations

Branches:
Dungeon (4/15)
 Temple: D:4-7

Altars:


Innate Abilities, Weirdness & Mutations

You have a pair of horns on your head.
You reflexively headbutt those who attack you in melee.


Message History

You hit the phantom but do no damage.
The phantom is lightly damaged.
The phantom hits you but does no damage.
You barely miss the phantom.
The phantom is lightly damaged.
The phantom hits you. x2
* * * LOW HITPOINT WARNING * * *
The phantom blinks!
You blink.
You miss the phantom.
The phantom is lightly damaged.
The phantom hits you.
* * * LOW HITPOINT WARNING * * *
You closely miss the phantom.
The phantom is lightly damaged.
The phantom hits you.
* * * LOW HITPOINT WARNING * * *
You barely miss the phantom.
The phantom is lightly damaged.
The phantom hits you.
* * * LOW HITPOINT WARNING * * *
The phantom hits you but does no damage.
You see here a +0 spear.
There is a stone staircase leading up here.
You barely miss the phantom. Your headbutt misses the phantom.
The phantom hits you but does no damage.
You hit the phantom but do no damage.
The phantom hits you but does no damage.
You slash the phantom!
The phantom is moderately damaged.
The phantom hits you.
* * * LOW HITPOINT WARNING * * *
The phantom blinks!
You blink.
The phantom hits you.
* * * LOW HITPOINT WARNING * * *
You slash the phantom!
The phantom is severely damaged.
The phantom hits you but does no damage.
You closely miss the phantom.
The phantom is severely damaged.
The phantom hits you.
You die...

###########
#.........#
#.........#######
#.........##....#
#.....))..##....#
#.....))..##....#
#.....<ยง..##....#
#....W..........#
#....@....##....#
#.........##....#
#........###.####
###.###..#.....#
#......#
#..###.###
##...###
#..#.....# #...
..####.### ...#
.##.....# g###
###.###


You could see a phantom.

Vanquished Creatures
  A gnoll shaman (D:4)
  A hound skeleton (D:4)
  6 adders
  8 gnolls
  A worm (D:3)
  2 dart slugs
  An orc (D:3)
  5 endoplasms
  2 giant cockroaches
  6 goblins
  9 hobgoblins
  4 jackals (D:2)
  8 kobolds
  4 quokkas
  8 ball pythons
  4 bats
  5 frilled lizards
  2 rats (D:3)
77 creatures vanquished.

Vanquished Creatures (others)
  7 plants (D:2)
  8 withered plants (D:2)
15 creatures vanquished.

Grand Total: 92 creatures vanquished

Notes
Turn   | Place    | Note
-------+----------+-------------------------------------------
     0 | D:1      | voltaire321 the Minotaur Fighter began the quest for the
                  | Orb.
     0 | D:1      | Reached XP level 1. HP: 19/19 MP: 0/0
    97 | D:1      | Reached XP level 2. HP: 4/27 MP: 1/1
   692 | D:2      | Reached skill level 1 in Dodging
   745 | D:2      | Reached XP level 3. HP: 33/33 MP: 2/2
   878 | D:2      | Found a faded altar of an unknown god.
   986 | D:2      | Reached skill level 1 in Throwing
  1557 | D:3      | Reached XP level 4. HP: 27/40 MP: 3/3
  1864 | D:3      | Reached XP level 5. HP: 20/47 MP: 4/4
  2689 | D:4      | Identified the +1 robe of the Arcane {SInv}
  2724 | D:4      | Noticed a phantom
  2741 | D:4      | HP: 2/47 [phantom (1)]
  2743 | D:4      | Slain by a phantom

Illustrated notes

Levels and vault maps discovered:
D:1:      dpeg_arrival_leaves_temple_mockup, layout_rooms,
          hangedman_decor_clover_reticule, minmay_domino_2
D:2:      minmay_skewed_foursquare, layout_loops_ring,
          shapermc_ecumenical_altar_flowoftime, serial_bayou_pond_c
D:3:      minmay_inner_zag, layout_loops_ring, st_stairs_8,
          hangedman_abyss_or_decor_stabs
D:4:      layout_rooms, nicolae_yredelemnul_ghost_church,
          minmay_misc_feat_hallway, grunt_decor_resistance

Skill      XL: |  1  2  3  4  5 |
---------------+----------------+-----
Dodging        | 1 2 |  2.3
Fighting       | 4 |  4.6
Armour         | 4 |  4.8
Axes           | 3 |  3.7
Shields        | 4 |  4.6
Throwing       | 1 |  1.9

Action                   |  1- 3 |  4- 6 || total
-------------------------+-------+-------++-------
Melee: War axe           |    84 |    95 ||   179
       Headbutt          |    16 |    10 ||    26
Armor: Scale mail        |    24 |       ||    24
       Plate armour      |    12 |    64 ||    76
       Chain mail        |     2 |       ||     2
Dodge: Dodged            |    35 |    29 ||    64
Block: Buckler           |    25 |    23 ||    48

Table legend: (Time is in decaauts)
 A = Elapsed time spent in this place.
 B = Non-inter-level travel time spent in this place.
 C = Inter-level travel time spent in this place.
 D = Time resting spent in this place.
 E = Time spent auto-exploring this place.
 F = Levels seen in this place.
 G = Mean time per level.
                   A        B        C        D        E       F      G
               +--------+--------+--------+--------+--------+-----+--------+
         Total |   2814 |   2769 |     45 |    512 |   1629 |   4 |  703.5 |
       Dungeon |   2814 |   2769 |     45 |    512 |   1629 |   4 |  703.5 |
               +--------+--------+--------+--------+--------+-----+--------+

Top non-repeatable levels by time:
     D:3: 1221 daAuts
     D:2: 818 daAuts
     D:1: 656 daAuts
     D:4: 117 daAuts
